 Dungeon Crawl Stone Soup version 0.31-a0-4-gefa6de2278 (webtiles) character file.

Game seed: 14600940926786271611

242654 cojito the Warrior (level 18, -12/175 (179) HPs)
             Began as a Pale Draconian Venom Mage on May 3, 2023.
             Was the Champion of Jiyva.
             Shot with a bolt by a naga sharpshooter (13 damage)
             ... on level 4 of the Snake Pit.
             The game lasted 01:13:11 (24024 turns).

cojito the Warrior (Pale Draconian Venom Mage)     Turns: 24024, Time: 01:13:12

HP:   -12/175 (179) AC: 19    Str: 18    XL:     18   Next: 68%
MP:   30/31         EV: 21    Int: 23    God:    Jiyva [******]
Gold: 455           SH:  8    Dex: 19    Spells: 14/36 levels left

rFire   . . .        a - +5 trident (vamp)
rCold   + + +        C - +0 buckler
rNeg    . . .        (body armour unavailable)
rPois   +            (helmet restricted)
rElec   .            (no cloak)
rCorr   +            f - +2 pair of gloves of Failure {Rampage Str+6 Dex+4}
SInv    +            k - +2 pair of boots
Will    +++..        F - amulet of regeneration
Stlth   ++++         J - ring of poison resistance
HPRegen 2.89/turn    i - ring "Modimiq" {Will++ Dex+4 SInv}
MPRegen 0.72/turn

%: clarity, rampage
@: lethally poisoned (-12 -> -13), weakened, constricted, lightly drained
A: breathe steam, AC +10, unfitting armour, cold-blooded, steam resistance,
horns 1, stinger 1, clarity, cold resistance 3, sense surroundings 1, robust 1,
wild magic 1, eyeballs 1, gelatinous body 3, translucent skin 3
}: 2/15 runes: decaying, slimy
a: Breathe Steam, Renounce Religion, Oozemancy, Slimify


You were on level 4 of the Snake Pit.
You worshipped Jiyva.
Jiyva was exalted by your worship.
You visited 6 branches of the dungeon, and saw 34 of its levels.
You also visited: Bailey and Ice Cave.

You collected 2679 gold pieces.
You spent 2224 gold pieces at shops.

Inventory:

Hand Weapons
 a - a +5 vampiric trident (weapon)
 M - the +10 rapier of Ru's Approval {freeze, Int+4}
   (You found it on level 3 of the Swamp)

   Int:       It affects your intelligence (+4).
Armour
 f - the +2 pair of gloves of Failure (worn) {Rampage Str+6 Dex+4}
   (You acquired it on level 1 of the Swamp)

   Str:       It affects your strength (+6).
   Dex:       It affects your dexterity (+4).
   Rampage:   It bestows one free step when moving towards enemies.
 k - a +2 pair of boots (worn)
 C - a +0 buckler (worn)
 E - a +2 tower shield
 Q - an orb of guile
 U - a +0 kite shield
Magical Staves
 o - the staff of fire "Lugoskegg" {rF+ Dex+6}
   (You found it on level 5 of the Pits of Slime)

   [staff of fire]

   Base accuracy: +5 Base damage: 5 Base attack delay: 1.2 This weapon's minimum
   attack delay (0.6) is reached at skill level 12.
   Dex:       It affects your dexterity (+6).
   rF:        It protects you from fire.
   It falls into the 'Staves' category.
   It is a one-handed weapon.
Jewellery
 i - the ring "Modimiq" (right hand) {Will++ Dex+4 SInv}
   (You found it on level 5 of the Pits of Slime)

   [ring of see invisible]

   Dex:       It affects your dexterity (+4).
   SInv:      It lets you see invisible.
   Will:      It greatly increases your willpower.
 m - a ring of ice
 t - a +6 ring of intelligence
 F - an amulet of regeneration (around neck)
 J - a ring of poison resistance (left hand)
 N - a +5 ring of evasion
 R - a +6 ring of dexterity
 T - a +6 ring of intelligence
Wands
 y - a wand of charming (18)
 A - a wand of digging (12)
 D - a wand of polymorph (30)
 H - a wand of mindburst (2)
 P - a wand of roots (6)
Scrolls
 b - a scroll of identify
 h - 4 scrolls of poison
 l - 10 scrolls of teleportation
 p - a scroll of brand weapon
 u - 2 scrolls of blinking
 z - 2 scrolls of immolation
 G - 6 scrolls of vulnerability
 I - a scroll of magic mapping
 L - 2 scrolls of enchant weapon
 O - a scroll of amnesia
Potions
 c - 5 potions of curing
 d - 3 potions of magic
 g - 4 potions of mutation
 j - 3 potions of brilliance
 n - 3 potions of flight
 q - 3 potions of haste
 r - 6 potions of heal wounds
 s - 5 potions of might
 x - a potion of berserk rage
 B - 4 potions of lignification
 K - 4 potions of cancellation
Miscellaneous
 e - a box of beasts
 S - a tin of tremorstones (2/2)


   Skills:
 + Level 15.3 Fighting
 - Level 14.0 Polearms
 + Level 13.1 Dodging
 - Level 5.0 Stealth
 + Level 13.3 Shields
 + Level 9.5 Spellcasting
 * Level 11.3 Summonings
 - Level 1.0 Transmutations
 - Level 2.3 Air Magic
 - Level 12.2 Poison Magic


You had 14 spell levels left.
You knew the following spells:

 Your Spells              Type           Power      Damage    Failure   Level
a - Sting                 Tmut/Pois      100%       1d8       1%          1
b - Poisonous Vapours     Pois/Air       100%       N/A       1%          2
c - Mephitic Cloud        Conj/Pois/Air  43%        N/A       4%          3
d - Olgreb's Toxic Radia  Pois           73%        N/A       1%          4
e - Summon Mana Viper     Hex/Summ       48%        N/A       26%         5
f - Monstrous Menagerie   Summ           35%        N/A       56%         7

Your spell library contained the following spells:

 Spells                   Type           Power      Damage    Failure   Level
 Sandblast                Erth           28%        2d8       11%         1
 Summon Ice Beast         Ice/Summ       48%        N/A       11%         4
 Passwall                 Tmut/Erth      14%        N/A       13%         2
 Blink                    Tloc           28%        N/A       16%         2
 Lesser Beckoning         Tloc           28%        N/A       16%         2
 Momentum Strike          Conj/Tloc      28%        3d8       16%         2
 Ozocubu's Armour         Ice            14%        N/A       28%         3
 Stone Arrow              Conj/Erth      28%        3d8       28%         3
 Manifold Assault         Tloc           14%        N/A       65%         4
 Passage of Golubria      Tloc           14%        N/A       65%         4
 Dispersal                Tloc           7%         N/A       100%        6
 Ozocubu's Refrigeration  Ice            7%         4d9       100%        7


Dungeon Overview and Level Annotations

Branches:
Dungeon (15/15)            Temple (0/1) D:6            Lair (4/5) D:11
  Swamp (4/4) Lair:2        Snake (4/4) Lair:2        Slime (5/5) Lair:4
    Orc (2/2) D:9             Elf (0/3) Orc:2        Vaults (0/5) D:13
 Depths (0/4) D:15         Bailey (visited)           IceCv (visited)

Altars:
Dithmenos
Elyvilon
Fedhas
Gozag
Hepliaklqana
Kikubaaqudgha
Makhleb
Okawaru
Ru
Sif Muna
Uskayaw
Vehumet
Xom
Yredelemnul
Jiyva

Shops:
D:4 [*?   D:7 ?   Orc:2 (:[*

Annotations:
D:8 1 runed translucent door, sirJeffrey23's ghost, novice DsFi
Lair:3 3 runed translucent doors, Wavoedoo's ghost, journeyman MiFi
Swamp:2 2 transporters, exclusion: obsidian statue
Snake:3 Vashnia
Slime:5 Royal Jelly


Innate Abilities, Weirdness & Mutations

You can breathe blasts of scalding, opaque steam.
Your pale cyan-grey scales are hard. (AC +10)
You cannot fit into any form of body armour.
You are cold-blooded and may be slowed by cold attacks.
You are immune to the effects of steam.
You have a pair of small horns on your head.
Your tail ends in a venomous barb.
You possess an exceptional clarity of mind.
Your flesh is almost immune to the effects of cold. (rC+++)
You passively map a small area around you.
You are robust. (+10% HP)
Your spells are a little harder to cast, but a little more powerful.
Your body has grown eyes which may confuse attackers. (Acc +3)
Your gelatinous body deflects attacks. (AC +3, EV +3)
Your transparent skin significantly reduces your foes' accuracy. (Stealth+)


Message History

The salamander mystic looks even sicker.
The naga warrior roars a battlecry!
The naga warrior goes into a battle-frenzy!
You barely miss the naga warrior.
You headbutt the naga warrior, but do no damage.
The naga warrior is moderately wounded.
The naga warrior spits poison at you. The splash of poison hits you.
You are poisoned.
You resist. The naga warrior constricts you.
The naga warrior barely misses you.
The naga sharpshooter mumbles some strange words.
The naga sharpshooter magically shoots a bolt.
The bolt hits you!!
You hit the naga warrior. Your headbutt misses the naga warrior.
Your tail-slap misses the naga warrior.
The naga warrior is moderately wounded.
Your toxic aura wanes.
You feel sick. You block the naga warrior's attack.
The naga warrior constricts you.
The naga warrior roars a battlecry!
You puncture the naga warrior!
You feel better. The naga warrior blocks your attack.
The naga warrior is moderately wounded.
You feel sick.
The naga warrior hits you with a +0 morningstar!!
* * * LOW HITPOINT WARNING * * *
The naga warrior constricts you.
The naga sharpshooter casts a spell.
The naga sharpshooter magically shoots a bolt.
The bolt closely misses you. The naga warrior misses you.
The naga warrior blocks your attack.
You tail-slap the naga warrior.
The naga warrior is moderately wounded.
The naga warrior hits you with a +0 morningstar!!
* * * LOW HITPOINT WARNING * * *
The naga warrior constricts you. The naga warrior barely misses you.
The naga sharpshooter mumbles some strange words.
The naga sharpshooter magically shoots a bolt.
The bolt hits you!
You die...

...#..†N.#..####..#............##
#..#..#†)#.†J##..#......########
##.#.S#..###...J.....#.## #
#.#..#..#####...##.##..# ###
.#.S#NN.# #######.#..## #.. ,
#.N#..)## #.....# ##.. #.S#..).##
##....## #... , *...#.....#
#####..##..## #...
...##....####@.....###..# #... ,
,, ####..N.NN......# #..# #... ,,
##..#...NN#####..###.####... * ,
##J..####### #..##..###....
#####....# ######..##..##.....
..#......######..........###.....
.........................##......
..###....................##......
### #######.............###......


You could see 2 naga warriors, a naga sharpshooter (strong), a salamander mystic
(strong, very poisoned) and a salamander (strong).

Vanquished Creatures
  Jorgrun (D:12)
  Rupert (D:13)
  2 thorn hunters
  Kirke (Swamp:4)
  A fenstrider witch (Swamp:4)
  Aizul (Snake:2)
  A frost giant (D:13)
  Louise (Swamp:2)
  Nessos (D:13)
  A bunyip (Swamp:4)
  5 eleionomae
  Azrael (Snake:1)
  A dire elephant (Lair:2)
  A fire dragon (D:15)
  11 hydras
  Erolcha (D:13)
  A salamander tyrant (Snake:4)
  4 ogre magi (Orc:2)
  6 centaur warriors
  8 anacondas
  2 catoblepae
  12 death yaks
  5 alligators
  21 two-headed ogres
  8 naga warriors
  5 boulder beetles
  The ghost of osoart the Covert, a journeyman SpBr (D:13)
  A tengu warrior (D:15)
  A nameless horror (Swamp:1)
  9 naga sharpshooters
  5 skeletal warriors (D:14)
  A skyshark (Lair:3)
  7 shock serpents
  6 salamander mystics
  2 goliath frogs
  5 bog bodies
  3 spriggan druids
  7 naga ritualists
  2 death drakes (Swamp:2)
  12 swamp dragons (Swamp:4)
  2 orc knights (D:15)
  2 wizards (D:15)
  10 mana vipers
  A deep elf zephyrmancer (D:13)
  3 deep elf pyromancers
  7 ugly things
  2 orc sorcerers (Orc:2)
  2 will-o-the-wisps
  7 cyclopes
  2 manticores
  11 salamanders
  31 elephants
  3 guardian serpents (Snake:4)
  12 naga magi
  30 black mambas
  An ice statue (IceCv)
  2 gargoyles
  6 cane toads
  2 molten gargoyles (Lair:4)
  An efreet (D:14)
  3 komodo dragons
  7 rime drakes (IceCv)
  A kobold demonologist (D:11)
  2 tengu conjurers (D:15)
  13 tyrant leeches
  3 meliai (D:14)
  8 trolls
  5 polar bears (IceCv)
  24 blink frogs
  8 hornets
  6 dream sheep (Lair:3)
  36 yaks
  9 spriggans
  3 wyverns
  2 shadows
  A centaur simulacrum (D:15)
  3 wraiths
  A hog (Swamp:4)
  4 fire elementals (Snake:1)
  A vampire (D:11)
  4 basilisks
  A steam dragon (D:9)
  2 wargs
  6 vampire mosquitoes
  30 nagas
  3 acid dragons
  10 swamp worms
  2 hell hounds (Snake:1)
  7 swamp drakes
  6 water moccasins
  27 orc warriors
  An ice beast (D:6)
  2 black bears (D:7)
  31 ogres
  23 wolves
  15 centaurs
  4 boggarts (D:14)
  A phantom (D:6)
  3 kobold brigands
  3 bullfrogs
  2 gnoll sergeants
  A scorpion (D:5)
  8 wights
  21 killer bees
  3 howler monkeys
  An electric eel (D:10)
  5 lava snakes (Lair:4)
  5 hounds
  12 orc priests
  3 sleepcaps
  Natasha (twice) (D:3)
  18 orc wizards
  5 hell rats (Lair:4)
  A spriggan simulacrum (D:11)
  17 gnolls
  7 adders
  A naga simulacrum (D:11)
  A dart slug (D:1)
  104 orcs
  An endoplasm (D:1)
  5 giant cockroaches
  14 goblins
  3 hobgoblins
  2 jackals (D:5)
  3 quokkas
  7 ball pythons
  A bat (D:1)
  4 frilled lizards
  22 kobolds
  5 rats
907 creatures vanquished.

Vanquished Creatures (collateral kills)
  A nagaraja (Snake:4)
  A frost giant (IceCv)
  An ice dragon (D:15)
  A wolf (IceCv)
4 creatures vanquished.

Vanquished Creatures (others)
  A two-headed ogre (Orc:2)
  A goliath frog (Swamp:3)
  A salamander mystic (Snake:4)
  A naga ritualist (Snake:4)
  A swamp dragon (Swamp:3)
  A mana viper (Snake:1)
  A black mamba (Lair:4)
  3 naga magi (Snake:4)
  A rime drake (Lair:4)
  7 bloated husks
  A tyrant leech (Swamp:3)
  7 slime creatures
  Sigmund (D:2)
  A shadow (D:12)
  A wyvern (Lair:4)
  4 humans (Swamp:4)
  2 vampire mosquitoes (D:13)
  A water moccasin (D:7)
  A black bear (D:5)
  An ogre (Orc:2)
  2 scorpions (D:5)
  A wight (D:6)
  100 jellies
  A hound (D:5)
  4 orc priests
  2 orc wizards
  Natasha (D:3)
  Robin (D:2)
  An adder (D:2)
  A shadow imp (D:5)
  An ufetubus (D:5)
  2 dart slugs
  14 orcs
  A goblin (D:4)
  2 hobgoblins (D:2)
  2 jackals (D:5)
  A quokka (D:2)
  A rat (D:2)
  44 foxfires
  86 fungi
  114 plants
420 creatures vanquished.

Grand Total: 1331 creatures vanquished

Notes
Turn   | Place    | Note
-------+----------+-------------------------------------------
     0 | D:1      | cojito the Draconian Venom Mage began the quest for the
                  | Orb.
     0 | D:1      | Reached XP level 1. HP: 14/14 MP: 3/3
   359 | D:1      | Reached XP level 2. HP: 22/22 MP: 1/5
   405 | D:1      | Learned a level 2 spell: Poisonous Vapours
   633 | D:1      | Reached skill level 1 in Fighting
  1126 | D:1      | Found a faded altar of an unknown god.
  1133 | D:1      | Prayed at the altar of an unknown god.
  1133 | D:1      | Became a worshipper of Jiyva Jyhurphe the Shapeless
  1133 | D:1      | Reached * piety under Jiyva
  1256 | D:2      | Reached XP level 3. HP: 28/28 MP: 4/6
  1260 | D:2      | Reached skill level 1 in Air Magic
  1333 | D:2      | Noticed Robin
  1358 | D:2      | Reached XP level 4. HP: 36/36 MP: 4/7
  1420 | D:2      | Killed Robin
  1463 | D:2      | Reached ** piety under Jiyva
  1497 | D:2      | Noticed Sigmund
  1506 | D:1      | Learned a level 3 spell: Mephitic Cloud
  1578 | D:2      | Killed Sigmund
  1823 | D:3      | Reached skill level 2 in Fighting
  2086 | D:3      | Noticed Natasha
  2174 | D:3      | Killed Natasha
  2175 | D:3      | Reached XP level 5. HP: 29/42 MP: 2/8
  2225 | D:3      | Killed Natasha
  2292 | D:3      | Noticed Natasha
  2330 | D:3      | Killed Natasha
  2540 | D:4      | Found a sacrificial altar of Ru.
  2568 | D:4      | Reached *** piety under Jiyva
  2616 | D:4      | Found Lyveub's Magic Scroll Emporium.
  2619 | D:4      | Bought a scroll of blinking for 97 gold pieces
  2680 | D:4      | Found Qehoaryqiph's Assorted Antiques.
  2693 | D:4      | Found Litoledgh's Antique Armour Emporium.
  2788 | D:4      | Gained mutation: You have large cloven feet. [Jiyva's
                  | grace]
  2788 | D:4      | Gained mutation: You have hoof-like feet. [Jiyva's grace]
  2788 | D:4      | Gained mutation: You have hooves in place of feet. [Jiyva's
                  | grace]
  2788 | D:4      | Gained mutation: You have a somewhat thin skeletal
                  | structure. (Dex +2, Stealth+) [Jiyva's grace]
  2857 | D:4      | Found a shimmering blue altar of Sif Muna.
  2960 | D:5      | Entered Level 5 of the Dungeon
  2961 | D:5      | Noticed an ogre
  2999 | D:5      | Killed an ogre
  3000 | D:5      | Reached skill level 3 in Fighting
  3000 | D:5      | Reached XP level 6. HP: 51/51 MP: 3/9
  3077 | D:5      | Reached **** piety under Jiyva
  3167 | D:5      | Identified the +9 spear of Udotisebi {speed, Str+5}
  3304 | D:5      | Your scales start taking on a pale cyan-grey colour.
  3304 | D:5      | Reached XP level 7. HP: 58/58 MP: 11/11
  3304 | D:5      | Gained mutation: You are immune to the effects of steam.
                  | [Pale Draconian growth]
  3770 | D:5      | Reached skill level 4 in Fighting
  3866 | D:6      | Reached skill level 5 in Poison Magic
  3901 | D:6      | Found a staircase to the Ecumenical Temple.
  3964 | D:6      | Found a basalt altar of Yredelemnul.
  3968 | D:6      | Found an iron altar of Okawaru.
  3973 | D:6      | Found a blossoming altar of Fedhas.
  3975 | D:6      | Found an ancient bone altar of Kikubaaqudgha.
  4155 | D:6      | Reached ***** piety under Jiyva
  4158 | D:6      | Reached XP level 8. HP: 67/67 MP: 13/13
  4180 | D:6      | Reached skill level 5 in Fighting
  4593 | D:6      | Learned a level 4 spell: Olgreb's Toxic Radiance
  4816 | D:7      | Reached skill level 1 in Shields
  4903 | D:7      | Reached skill level 5 in Dodging
  5085 | D:7      | Lost mutation: You have hooves in place of feet. [Jiyva's
                  | grace]
  5085 | D:7      | Gained mutation: Your spells are a little harder to cast,
                  | but a little more powerful. [Jiyva's grace]
  5085 | D:7      | Gained mutation: Your spells are harder to cast, but more
                  | powerful. [Jiyva's grace]
  5085 | D:7      | Gained mutation: Your spells are much harder to cast, but
                  | much more powerful. [Jiyva's grace]
  5085 | D:7      | Gained mutation: Your flesh is heat resistant. (rF+)
                  | [Jiyva's grace]
  5402 | D:7      | Found Lungyton's Magic Scroll Boutique.
  5410 | D:7      | Bought a scroll of teleportation for 30 gold pieces
  5410 | D:7      | Bought a scroll of identify for 20 gold pieces
  5410 | D:7      | Bought a scroll of identify for 20 gold pieces
  5410 | D:7      | Bought a scroll of identify for 20 gold pieces
  5927 | D:8      | Found a white marble altar of Elyvilon.
  5968 | D:8      | Reached skill level 6 in Fighting
  5969 | D:8      | Reached XP level 9. HP: 74/75 MP: 16/16
  6268 | D:8      | Reached skill level 5 in Spellcasting
  6287 | D:8      | Found a hide-covered altar of Uskayaw.
  6376 | D:8      | Found a runed translucent door.
  6376 | D:8      | Found a shimmering altar of Xom.
  6376 | D:8      | Noticed a +2 quarterstaff of chaos
  6376 | D:8      | Noticed sirJeffrey23's ghost (novice DsFi)
  6403 | D:9      | Reached ****** piety under Jiyva
  6418 | D:9      | Found a flagged portal.
  6439 | Bailey   | Entered a bailey
  6632 | Bailey   | Reached skill level 7 in Fighting
  6766 | Bailey   | Reached XP level 10. HP: 86/86 MP: 17/19
  6974 | D:9      | Reached skill level 5 in Shields
  6981 | D:9      | Found a hazy altar of Hepliaklqana.
  6983 | D:9      | Found an opulent altar of Gozag.
  7080 | D:9      | Reached skill level 8 in Fighting
  7310 | D:9      | Gained mutation: You passively map a small area around you.
                  | [Jiyva's grace]
  7310 | D:9      | Gained mutation: You passively map the area around you.
                  | [Jiyva's grace]
  7310 | D:9      | Gained mutation: You passively map a large area around you.
                  | [Jiyva's grace]
  7310 | D:9      | Gained mutation: You have a small jelly attached to you
                  | that may absorb projectiles. [Jiyva's grace]
  7353 | D:9      | Found a staircase to the Orcish Mines.
  7515 | D:10     | Entered Level 10 of the Dungeon
  7538 | D:10     | Noticed a two-headed ogre
  7550 | D:10     | Reached skill level 1 in Polearms
  7551 | D:10     | Killed a two-headed ogre
  7558 | D:10     | Reached XP level 11. HP: 88/95 MP: 13/20
  7647 | D:10     | Reached skill level 9 in Fighting
  8116 | D:11     | Noticed a two-headed ogre
  8117 | D:11     | Noticed a boulder beetle
  8125 | D:11     | Killed a two-headed ogre
  8129 | D:11     | Killed a boulder beetle
  8168 | D:11     | Noticed a deep elf pyromancer
  8174 | D:11     | Killed a deep elf pyromancer
  8177 | D:11     | Reached skill level 5 in Polearms
  8264 | D:11     | Noticed a two-headed ogre
  8275 | D:11     | Killed a two-headed ogre
  8286 | D:11     | Found a frozen archway.
  8295 | IceCv    | Entered an ice cave
  8385 | IceCv    | Noticed a death yak
  8390 | IceCv    | Noticed a death yak
  8398 | IceCv    | Killed a death yak
  8399 | IceCv    | Reached XP level 12. HP: 80/106 MP: 15/21
  8406 | IceCv    | Killed a death yak
  8471 | IceCv    | Noticed a frost giant
  8474 | IceCv    | Reached skill level 10 in Fighting
  8481 | IceCv    | Killed a frost giant
  8606 | IceCv    | Reached skill level 10 in Poison Magic
  8619 | IceCv    | Noticed a death yak
  8624 | IceCv    | Noticed a death yak
  8629 | IceCv    | Noticed a death yak
  8636 | IceCv    | Killed a death yak
  8639 | IceCv    | Killed a death yak
  8642 | IceCv    | Killed a death yak
  8683 | IceCv    | Noticed a death yak
  8696 | IceCv    | Killed a death yak
  8947 | D:11     | Found a staircase to the Lair.
  9364 | Lair:1   | Entered Level 1 of the Lair of Beasts
  9364 | Lair:1   | Lost mutation: You have hoof-like feet. [Jiyva's grace]
  9364 | Lair:1   | Lost mutation: Your flesh is heat resistant. (rF+) [Jiyva's
                  | grace]
  9364 | Lair:1   | Lost mutation: Your spells are much harder to cast, but
                  | much more powerful. [Jiyva's grace]
  9364 | Lair:1   | Lost mutation: You have a small jelly attached to you that
                  | may absorb projectiles. [Jiyva's grace]
  9364 | Lair:1   | Gained mutation: You are covered in slimy tendrils that may
                  | disarm your opponents. [Jiyva's grace]
  9364 | Lair:1   | Gained mutation: Your spells are much harder to cast, but
                  | much more powerful. [Jiyva's grace]
  9364 | Lair:1   | Gained mutation: You have acidic saliva. [Jiyva's grace]
  9364 | Lair:1   | Gained mutation: You have hoof-like feet. [Jiyva's grace]
  9724 | Lair:1   | Reached XP level 13. HP: 115/115 MP: 13/22
  9744 | Lair:1   | Reached skill level 11 in Fighting
 10238 | Lair:2   | You fall into a shaft and drop 1 floor!
 10514 | Lair:2   | Found a staircase to the Snake Pit.
 10545 | Lair:2   | Found a staircase to the Swamp.
 10703 | Lair:2   | Reached skill level 10 in Polearms
 10716 | Lair:2   | Lost mutation: You have hoof-like feet. [Jiyva's grace]
 10716 | Lair:2   | Gained mutation: You are robust. (+10% HP) [Jiyva's grace]
 10716 | Lair:2   | Gained mutation: You are very robust. (+20% HP) [Jiyva's
                  | grace]
 10716 | Lair:2   | Gained mutation: You are extremely robust. (+30% HP)
                  | [Jiyva's grace]
 10716 | Lair:2   | Gained mutation: Your body has grown eyes which may confuse
                  | attackers. (Acc +3) [Jiyva's grace]
 10719 | Lair:2   | Noticed a dire elephant
 10747 | Lair:2   | Killed a dire elephant
 10808 | Lair:2   | Reached skill level 10 in Dodging
 10895 | Lair:2   | Found a burning altar of Makhleb.
 11115 | Lair:3   | Found a runed translucent gate.
 11165 | Lair:3   | Noticed Wavoedoo's ghost (journeyman MiFi)
 11177 | Lair:3   | Found a runed translucent gate.
 11177 | Lair:3   | Found a runed translucent gate.
 11767 | Lair:4   | Reached XP level 14. HP: 162/162 MP: 23/23
 11904 | Lair:4   | Reached skill level 12 in Fighting
 11911 | Lair:4   | Reached skill level 10 in Shields
 11985 | Lair:4   | Found a radiant altar of Vehumet.
 12269 | Lair:4   | Lost mutation: You have large cloven feet. [Jiyva's grace]
 12269 | Lair:4   | Lost mutation: You passively map a large area around you.
                  | [Jiyva's grace]
 12269 | Lair:4   | Lost mutation: Your spells are much harder to cast, but
                  | much more powerful. [Jiyva's grace]
 12269 | Lair:4   | Lost mutation: Your spells are harder to cast, but more
                  | powerful. [Jiyva's grace]
 12269 | Lair:4   | Gained mutation: You have a small jelly attached to you
                  | that senses nearby items. [Jiyva's grace]
 12269 | Lair:4   | Gained mutation: Your tail ends in a venomous barb.
                  | [Jiyva's grace]
 12269 | Lair:4   | Gained mutation: Your tail ends in a sharp venomous barb.
                  | [Jiyva's grace]
 12269 | Lair:4   | Gained mutation: Your tail ends in a wickedly sharp and
                  | venomous barb. [Jiyva's grace]
 12436 | Lair:4   | Found a staircase to the Slime Pits.
 12437 | Lair:4   | Found a viscous altar of Jiyva.
 12484 | Slime:1  | Entered Level 1 of the Pits of Slime
 12484 | Slime:1  | Noticed an acid blob
 12488 | Slime:1  | Noticed a rockslime
 12500 | Slime:2  | Noticed an acid blob
 12511 | Slime:3  | Noticed an azure jelly
 12512 | Slime:3  | Noticed an azure jelly
 12528 | Slime:3  | Noticed a rockslime
 12552 | Slime:5  | Entered Level 5 of the Pits of Slime
 12552 | Slime:5  | Noticed an azure jelly
 12561 | Slime:5  | Noticed an acid blob
 12574 | Slime:5  | Noticed an acid blob
 12575 | Slime:5  | Noticed an acid blob
 12576 | Slime:5  | Noticed a rockslime
 12576 | Slime:5  | Noticed an acid blob
 12577 | Slime:5  | Found a viscous altar of Jiyva.
 12577 | Slime:5  | Noticed an acid blob
 12578 | Slime:5  | Noticed a quicksilver ooze
 12578 | Slime:5  | Noticed the Royal Jelly
 12578 | Slime:5  | Noticed a quicksilver ooze
 12579 | Slime:5  | Noticed a rockslime
 12579 | Slime:5  | Noticed an acid blob
 12586 | Slime:5  | Identified the ring "Modimiq" {Will++ Dex+4 SInv}
 12596 | Slime:5  | Identified the staff of fire "Lugoskegg" {rF+ Dex+6}
 12598 | Slime:5  | Noticed an acid blob
 12599 | Slime:5  | Identified the +6 great sword "Ogre's Undoing" {freeze, rC+
                  | Dex+2}
 12607 | Slime:5  | Identified the +1 great sword "Sovitionn" {elec, rPois}
 12619 | Slime:5  | Got Sif Muna's Tome of Fog and the Tesseract
 12625 | Slime:5  | Noticed an acid blob
 12629 | Slime:5  | Identified the +4 chain mail of Bedevilment {+Inv rF- Dex+2
                  | SInv}
 12630 | Slime:5  | Identified the +6 battleaxe of Cocytus {spect, rElec}
 12642 | Slime:5  | Got a slimy rune of Zot
 12668 | Slime:5  | Noticed a rockslime
 13124 | Orc:1    | Entered Level 1 of the Orcish Mines
 13508 | Orc:2    | Entered Level 2 of the Orcish Mines
 13794 | Orc:2    | Found Xaipaoss's Assorted Antiques.
 13795 | Orc:2    | Found Uphigaf's Antique Armour Shop.
 13795 | Orc:2    | Found Rugalomy's Weapon Emporium.
 13795 | Orc:2    | Found Ruiqi's Book Shop.
 13950 | Orc:2    | Found a staircase to the Elven Halls.
 14119 | Orc:2    | Bought a pair of runed gloves for 210 gold pieces
 14137 | Orc:2    | Bought a scroll labelled BYDIULUH UDDI for 25 gold pieces
 14137 | Orc:2    | Bought a scroll labelled GAIGOTTIXIH for 25 gold pieces
 14137 | Orc:2    | Bought a grey potion for 22 gold pieces
 14137 | Orc:2    | Bought a warped spear for 200 gold pieces
 14137 | Orc:2    | Identified the +0 spear "Aloujeri" {elec, Int+4 Dex-5 SInv}
                  | (You bought it in a shop on level 2 of the Orcish Mines)
 14141 | Orc:2    | Bought a book of Beasts for 418 gold pieces
 14147 | Orc:2    | Learned a level 5 spell: Summon Mana Viper
 14474 | D:12     | Reached skill level 1 in Summonings
 14480 | D:12     | Reached XP level 15. HP: 174/174 MP: 15/24
 14858 | D:12     | Noticed Jorgrun
 14881 | D:12     | Killed Jorgrun
 14882 | D:12     | Reached skill level 13 in Fighting
 14927 | D:12     | Lost mutation: You passively map the area around you.
                  | [Jiyva's grace]
 14927 | D:12     | Lost mutation: You are extremely robust. (+30% HP) [Jiyva's
                  | grace]
 14927 | D:12     | Lost mutation: You have acidic saliva. [Jiyva's grace]
 14927 | D:12     | Gained mutation: You expend magic power (3 MP) to
                  | strengthen your wands. [Jiyva's grace]
 14927 | D:12     | Gained mutation: Your body has grown many eyes which may
                  | confuse attackers. (Acc +5) [Jiyva's grace]
 14927 | D:12     | Gained mutation: Your body is covered in eyes which may
                  | confuse attackers. (Acc +7, SInv) [Jiyva's grace]
 14927 | D:12     | Gained mutation: You passively dampen the noise of your
                  | surroundings. [Jiyva's grace]
 15060 | D:13     | Noticed Rupert
 15093 | D:13     | Killed Rupert
 15145 | D:13     | Found a transporter.
 15149 | D:13     | Noticed osoart's ghost (journeyman SpBr)
 15154 | D:13     | Noticed Erolcha
 15157 | D:13     | Noticed Nessos
 15159 | D:13     | Found a transporter.
 15169 | D:13     | Killed Erolcha
 15180 | D:13     | Killed Nessos
 15217 | D:13     | Noticed a frost giant
 15272 | D:13     | Killed a frost giant
 15505 | D:13     | Killed osoart's ghost
 15658 | D:13     | Found a gate to the Vaults.
 15908 | D:14     | Found a radiant altar of Vehumet.
 16506 | D:15     | Entered Level 15 of the Dungeon
 16910 | D:15     | Reached skill level 5 in Summonings
 17056 | D:15     | Found a shadowy altar of Dithmenos.
 17067 | D:15     | Lost mutation: You have a somewhat thin skeletal structure.
                  | (Dex +2, Stealth+) [Jiyva's grace]
 17067 | D:15     | Lost mutation: Your body is covered in eyes which may
                  | confuse attackers. (Acc +7, SInv) [Jiyva's grace]
 17067 | D:15     | Lost mutation: You are covered in slimy tendrils that may
                  | disarm your opponents. [Jiyva's grace]
 17067 | D:15     | Lost mutation: You have a small jelly attached to you that
                  | senses nearby items. [Jiyva's grace]
 17067 | D:15     | Lost mutation: You expend magic power (3 MP) to strengthen
                  | your wands. [Jiyva's grace]
 17067 | D:15     | Gained mutation: Your rubbery body absorbs attacks. (AC +1,
                  | EV +1) [Jiyva's grace]
 17067 | D:15     | Gained mutation: Your pliable body absorbs attacks. (AC +2,
                  | EV +2) [Jiyva's grace]
 17067 | D:15     | Gained mutation: Your gelatinous body deflects attacks. (AC
                  | +3, EV +3) [Jiyva's grace]
 17067 | D:15     | Gained mutation: Your melee attacks may engulf your foes in
                  | ooze. [Jiyva's grace]
 17379 | D:15     | Found a staircase to the Depths.
 17475 | D:15     | Learned a level 7 spell: Monstrous Menagerie
 17705 | Swamp:1  | Entered Level 1 of the Swamp
 17815 | Swamp:1  | Acquired 814 gold pieces
 17817 | Swamp:1  | Acquired the +2 pair of gloves of Failure {Rampage Str+6
                  | Dex+4}
 17989 | Swamp:1  | Noticed a thorn hunter
 18099 | Swamp:1  | Killed a thorn hunter
 18298 | Swamp:1  | Reached XP level 16. HP: 161/172 MP: 23/26
 18646 | Swamp:2  | Noticed Louise
 18663 | Swamp:2  | Killed Louise
 18724 | Swamp:2  | Noticed a thorn hunter
 18724 | Swamp:2  | Noticed a tentacled monstrosity
 18725 | Swamp:2  | Found a transporter.
 18725 | Swamp:2  | Found a transporter.
 19539 | Swamp:3  | Lost mutation: Your gelatinous body deflects attacks. (AC
                  | +3, EV +3) [Jiyva's grace]
 19539 | Swamp:3  | Gained mutation: You have a pair of small horns on your
                  | head. [Jiyva's grace]
 19539 | Swamp:3  | Gained mutation: You have a pair of horns on your head.
                  | [Jiyva's grace]
 19539 | Swamp:3  | Gained mutation: You have a pair of large horns on your
                  | head. [Jiyva's grace]
 19539 | Swamp:3  | Gained mutation: You passively map the area around you.
                  | [Jiyva's grace]
 19574 | Swamp:3  | Identified the +10 rapier of Ru's Approval {freeze, Int+4}
 19604 | Swamp:4  | Entered Level 4 of the Swamp
 19717 | Swamp:4  | Noticed a thorn hunter
 19725 | Swamp:4  | Killed a thorn hunter
 19747 | Swamp:4  | Reached skill level 14 in Fighting
 19897 | Swamp:4  | Noticed Bai Suzhen
 19902 | Swamp:4  | Slimified Bai Suzhen
 19902 | Swamp:4  | Bai Suzhen changed into Bai Suzhen the slime creature
 19902 | Swamp:4  | Noticed Bai Suzhen
 20386 | Swamp:4  | Noticed Kirke
 20413 | Swamp:4  | Killed Kirke
 20444 | Swamp:4  | Noticed the 27-headed Lernaean hydra
 20452 | Swamp:4  | Slimified the 27-headed Lernaean hydra
 20452 | Swamp:4  | the 27-headed Lernaean hydra changed into a slime creature
                  | shaped Lernaean hydra
 20452 | Swamp:4  | Noticed a slime creature shaped Lernaean hydra
 20459 | Swamp:4  | Killed a slime creature shaped Lernaean hydra
 20535 | Swamp:4  | Got a decaying rune of Zot
 20903 | D:4      | Bought a scroll of teleportation for 39 gold pieces
 20903 | D:4      | Bought a scroll of blinking for 97 gold pieces
 20903 | D:4      | Bought a scroll of enchant weapon for 97 gold pieces
 20924 | D:4      | Bought 3 scrolls of teleportation for 243 gold pieces
 20924 | D:4      | Bought a scroll of teleportation for 81 gold pieces
 20924 | D:4      | Bought a potion of heal wounds for 135 gold pieces
 20924 | D:4      | Bought 3 scrolls of teleportation for 243 gold pieces
 20924 | D:4      | Bought a scroll of enchant armour for 202 gold pieces
 21125 | Snake:1  | Entered Level 1 of the Snake Pit
 21489 | Snake:1  | Noticed Azrael
 21499 | Snake:1  | Killed Azrael
 21694 | Snake:2  | Noticed Aizul
 21727 | Snake:2  | Killed Aizul
 21791 | Snake:2  | Reached skill level 5 in Stealth
 21857 | Snake:2  | Lost mutation: Your tail ends in a wickedly sharp and
                  | venomous barb. [Jiyva's grace]
 21857 | Snake:2  | Lost mutation: You passively map the area around you.
                  | [Jiyva's grace]
 21857 | Snake:2  | Lost mutation: Your body has grown many eyes which may
                  | confuse attackers. (Acc +5) [Jiyva's grace]
 21857 | Snake:2  | Lost mutation: Your melee attacks may engulf your foes in
                  | ooze. [Jiyva's grace]
 21857 | Snake:2  | Lost mutation: You passively dampen the noise of your
                  | surroundings. [Jiyva's grace]
 21857 | Snake:2  | Gained mutation: You possess an exceptional clarity of
                  | mind. [Jiyva's grace]
 21857 | Snake:2  | Gained mutation: Your translucent skin slightly reduces
                  | your foes' accuracy. (Stealth+) [Jiyva's grace]
 21857 | Snake:2  | Gained mutation: Your translucent skin reduces your foes'
                  | accuracy. (Stealth+) [Jiyva's grace]
 21857 | Snake:2  | Gained mutation: Your transparent skin significantly
                  | reduces your foes' accuracy. (Stealth+) [Jiyva's grace]
 21964 | Snake:2  | Reached XP level 17. HP: 184/184 MP: 29/29
 22173 | Snake:2  | Reached XP level 18. HP: 193/193 MP: 30/30
 22230 | Snake:3  | Noticed Vashnia
 22480 | Snake:3  | Reached skill level 10 in Summonings
 22561 | Snake:4  | Entered Level 4 of the Snake Pit
 22929 | Snake:4  | Reached skill level 15 in Fighting
 23313 | Snake:4  | Lost mutation: You have a pair of large horns on your head.
                  | [Jiyva's grace]
 23313 | Snake:4  | Lost mutation: You have a pair of horns on your head.
                  | [Jiyva's grace]
 23313 | Snake:4  | Lost mutation: Your tail ends in a sharp venomous barb.
                  | [Jiyva's grace]
 23313 | Snake:4  | Lost mutation: You are very robust. (+20% HP) [Jiyva's
                  | grace]
 23313 | Snake:4  | Gained mutation: Your flesh is cold resistant. (rC+)
                  | [Jiyva's grace]
 23313 | Snake:4  | Gained mutation: Your flesh is very cold resistant. (rC++)
                  | [Jiyva's grace]
 23313 | Snake:4  | Gained mutation: Your flesh is almost immune to the effects
                  | of cold. (rC+++) [Jiyva's grace]
 23313 | Snake:4  | Gained mutation: Your gelatinous body deflects attacks. (AC
                  | +3, EV +3) [Jiyva's grace]
 24024 | Snake:4  | HP: 1/175 [naga warrior/+0 morningstar (27)]
 24024 | Snake:4  | Shot with a bolt by a naga sharpshooter

Illustrated notes

Levels and vault maps discovered:
D:1:      heliophobic_arrival_ceremonial_halls, layout_basic,
          dilly_ecumenical_altar_fadedgnrine, minmay_misc_feat_diagonals
D:2:      layout_loops_ring, uniq_sigmund, uniq_robin
D:3:      layout_rooms, uniq_natasha
D:4:      layout_cave_pools, nicolae_ru_awakened_eye,
          nicolae_sif_muna_little_library, serial_shops, kennysheep_mini_moat,
          shop, nicolae_shop_crystal, serial_column_ruins,
          column_ruins_pillar_1, column_ruins_pillar_4, column_ruins_pillar_7,
          column_ruins_pillar_5, column_ruins_pillar_11, column_ruins_pillar_2,
          column_ruins_pillar_3, column_ruins_pillar_2, column_ruins_pillar_10,
          column_ruins_pillar_3, column_ruins_pillar_1, column_ruins_pillar_1,
          column_ruins_pillar_1, column_ruins_pillar_2, column_ruins_pillar_6,
          column_ruins_pillar_2, column_ruins_pillar_6,
          chequers_hall_statues_wall_a
D:5:      layout_loops_ring
D:6:      layout_basic, minitemple, minmay_temple_entry_mini_moons,
          minmay_parallelograms
D:7:      layout_layer_cave, serial_shops, shop
D:8:      layout_rooms, mainiacjoe_overflow_six_doors_small,
          mainiacjoe_overflow_cross_hatched, ebering_ghost_xom
D:9:      layout_roguey [special_room_orc], grunt_temple_overflow_open,
          hiddenorc2_lemuel, enter_bailey_5
D:10:     layout_big_octagon
D:11:     layout_loops_ring, david_lair_shrubbed,
          portal_ice_cave_entry_ice_simulacra, nicolae_kite_square_tiling_tiny,
          small_statue_intersection
D:12:     layout_basic, uniq_jorgrun
D:13:     layout_cave_pools, david_vaults_1, gammafunk_ghost_arena,
          nrook_campfire, uniq_erolcha, uniq_rupert, uniq_nessos
D:14:     layout_basic, minivault_19, nicolae_vehumet_radiance
D:15:     grunt_enter_depths_hoard, layout_cave_pods,
          nicolae_dithmenos_through_a_glass_darkly, serial_bayou_pond_d
Lair:1:   layout_hall_layers, chequers_serial_rivers_micro_e, grunt_megastairs_2
Lair:2:   mu_elephants_graveyard, layout_misc_corridors,
          minmay_swamp_entry_worms, dummy_snake_entry, basic_altar
Lair:3:   layout_hall_layers, gammafunk_ghost_split, serial_bayou_shore_b
Lair:4:   cheibrodos_magma_flow, layout_concentric_octagons,
          minmay_slime_entry_jelly_boxes, basic_altar, st_stairs_5,
          beast_lair_carwin_4
Swamp:1:  layout_falls_marsh, serial_swamp_ruin, evilmike_swamp_ruin_wall,
          evilmike_swamp_ruin_rubble_1, swamp_pool3,
          nicolae_swamp_super_fun_site
Swamp:2:  gammafunk_sealed_arena, layout_falls_marsh, uniq_louise
Swamp:3:  layout_basic_swamp, evilmike_swamp_ruin_house_4
Swamp:4:  swamp_old_school, layout_basic_swamp, uniq_bai_suzhen, uniq_kirke
Snake:1:  layout_honeycomb, drop_trap, uniq_azrael
Snake:2:  layout_grid_shapes, uniq_aizul
Snake:3:  layout_layer_cave, lemuel_fruit_tree, minmay_shop_grove, uniq_vashnia
Snake:4:  grunt_snake_rune_serpentine_throne, layout_onion, serial_bayou_pond_a
Slime:1:  layout_caves
Slime:2:  layout_caves, uniq_dissolution
Slime:3:  cheibrodos_slime_lost_civilization_2, layout_caves
Slime:4:  layout_caves
Slime:5
Orc:1:    layout_diamond_mine, basic_altar
Orc:2:    st_orc_ogre_mass, layout_diamond_mine

Skill      XL: |  1  2  3  4  5  6  7  8  9 10 11 12 13 14 15 16 17 18 |
---------------+-------------------------------------------------------+-----
Dodging        | 2 3 4 5 6 7 8 9 10 11 12 13 | 13.1
Fighting       | 1 2 3 4 6 7 8 9 10 11 12 13 14 15 | 15.3
Air Magic      | 1 2 |  2.3
Poison Magic   | 4 5 6 7 8 9 10 11 12 | 12.2
Spellcasting   | 3 4 6 7 8 9 |  9.5
Shields        | 2 4 6 7 8 9 10 11 12 13 | 13.3
Polearms       | 2 6 8 11 12 14 | 14.0
Summonings     | 1 5 9 11 | 11.3
Stealth        | 2 5 |  5.0
Transmutations | |  1.0

Action                     |  1- 3 |  4- 6 |  7- 9 | 10-12 | 13-15 | 16-18 || total
---------------------------+-------+-------+-------+-------+-------+-------++-------
  Melee: Whip              |    44 |    25 |       |       |       |       ||    69
         Unarmed           |     3 |       |       |       |       |       ||     3
         Tailslap          |     1 |     1 |     7 |    49 |   274 |   276 ||   608
         Trident           |       |       |   128 |   333 |  1254 |  1440 ||  3155
         Kick              |       |       |    30 |    27 |       |       ||    57
         Bite              |       |       |       |     1 |    93 |       ||    94
         Headbutt          |       |       |       |       |       |   316 ||   316
   Fire: Sling             |       |    84 |    75 |       |       |       ||   159
   Cast: Sting             |    47 |    50 |    37 |       |       |       ||   134
         Poisonous Vapours |       |     5 |     6 |     1 |     4 |       ||    16
         Mephitic Cloud    |       |     4 |     6 |    13 |    14 |    14 ||    51
         Olgreb's Toxic Ra |       |       |    18 |    57 |   124 |    57 ||   256
         Summon Mana Viper |       |       |       |       |       |     1 ||     1
 Invoke: Slimify           |       |       |       |       |       |     3 ||     3
Ability: Breathe Steam     |       |       |    15 |    14 |    24 |       ||    53
  Evoke: Wand              |       |       |       |     2 |     6 |       ||     8
         Box of beasts     |       |       |       |       |       |     1 ||     1
         Tin of tremorston |       |       |       |       |       |     1 ||     1
    Use: Scroll            |       |     3 |    11 |     5 |    16 |     4 ||    39
         Potion            |       |       |       |       |     3 |     7 ||    10
   Stab: Sleeping          |       |       |     2 |     3 |     7 |     5 ||    17
         Confused          |       |       |       |     4 |    52 |    27 ||    83
         Distracted        |       |       |       |     1 |     3 |     7 ||    11
         Petrified         |       |       |       |       |     6 |       ||     6
         Petrifying        |       |       |       |       |     2 |       ||     2
 Armour: Skin              |    23 |    46 |    75 |    49 |   219 |   285 ||   697
  Dodge: Dodged            |    42 |   122 |   143 |   176 |   615 |  1062 ||  2160
  Block: Buckler           |       |       |    24 |    67 |   269 |   468 ||   828

Table legend: (Time is in decaauts)
 A = Elapsed time spent in this place.
 B = Non-inter-level travel time spent in this place.
 C = Inter-level travel time spent in this place.
 D = Time resting spent in this place.
 E = Time spent auto-exploring this place.
 F = Levels seen in this place.
 G = Mean time per level.
                   A        B        C        D        E       F      G
               +--------+--------+--------+--------+--------+-----+--------+
         Total |  23651 |  21197 |   2454 |    703 |  11976 |  36 |  657.0 |
       Dungeon |  12066 |  10672 |   1394 |    421 |   6833 |  15 |  804.4 |
          Lair |   3596 |   3172 |    424 |    121 |   2165 |   4 |  899.0 |
         Swamp |   3074 |   2822 |    252 |     80 |   1383 |   4 |  768.5 |
     Snake Pit |   2564 |   2358 |    206 |     54 |    521 |   4 |  641.0 |
    Slime Pits |    242 |    165 |     77 |      0 |      0 |   5 |   48.4 |
  Orcish Mines |   1015 |    916 |     99 |      0 |    607 |   2 |  507.5 |
        Bailey |    528 |    528 |      0 |      3 |    190 |   1 |  528.0 |
      Ice Cave |    562 |    562 |      0 |     24 |    276 |   1 |  562.0 |
               +--------+--------+--------+--------+--------+-----+--------+

Top non-repeatable levels by time:
 Snake:4: 1278 daAuts
     D:1: 1197 daAuts
  Lair:1: 1112 daAuts
  Lair:4: 1111 daAuts
 Swamp:4: 1074 daAuts
     D:6: 1039 daAuts
     D:7: 1037 daAuts
    D:15: 974 daAuts
    D:11: 824 daAuts
     D:5: 820 daAuts
    D:14: 797 daAuts
 Swamp:1: 791 daAuts
    D:12: 752 daAuts
     D:9: 743 daAuts
  Lair:2: 734 daAuts
